 Dungeon Crawl Stone Soup version 0.28.0-47-ge53b351184 (webtiles) character file.

Game seed: 12290201624493544710

868 bobregger the Skirmisher (level 8, 0/87 HPs)
             Began as an Ogre Berserker on May 1, 2022.
             Was a Believer of Trog.
             Succumbed to Sigmund's poison
             ... on level 5 of the Dungeon.
             The game lasted 00:05:34 (7161 turns).

bobregger the Skirmisher (Ogre Berserker)           Turns: 7161, Time: 00:05:34

Health: 0/87       AC:  3    Str: 22    XL:     8   Next: 3%
Magic:  8/8        EV: 11    Int:  8    God:    Trog [**....]
Gold:   155        SH:  0    Dex: 10    Spells: 7/7 levels left

rFire   . . .      SeeInvis .   x - +1 morningstar (protect)
rCold   . . .      Faith    .   (no shield)
rNeg    . . .      Spirit   .   b - +0 animal skin
rPois   .          Reflect  .   (helmet restricted)
rElec   .          Harm     .   (no cloak)
rCorr   .          Rampage  .   (gloves unavailable)
Will    .....                   (boots unavailable)
Stlth   +.........              (no amulet)
HPRegen 0.24/turn               (no ring)
MPRegen 0.11/turn               (no ring)

@: lethally poisoned (0 -> -12), on berserk cooldown, slowed, very slow
A: large, unfitting armour, tough skin 1
a: Renounce Religion, Berserk, Trog's Hand


You were on level 5 of the Dungeon.
You worshipped Trog.
Trog was pleased with you.
You visited 1 branch of the dungeon, and saw 5 of its levels.

You collected 155 gold pieces.

Inventory:

Hand Weapons
 x - a +1 morningstar of protection (weapon)
Armour
 b - a +0 animal skin (worn)
Jewellery
 q - a ring of ice
 v - a ring of protection from cold
Wands
 t - a wand of iceblast (5)
Scrolls
 c - 4 scrolls of identify {unknown}
 d - a scroll of noise {unknown}
 g - a scroll of fog {unknown}
 h - a scroll of enchant armour {unknown}
 j - 2 scrolls of fear {unknown}
 l - a scroll of magic mapping {unknown}
 m - a scroll of amnesia {unknown}
 n - a scroll of acquirement {unknown}
 o - a scroll of immolation {unknown}
Potions
 a - a potion of lignification {unknown}
 e - 2 potions of haste {unknown}
 f - a potion of magic {unknown}
 i - 2 potions of resistance {unknown}
 k - 2 potions of might {unknown}
 p - a potion of heal wounds {unknown}
 r - a potion of flight {unknown}
 s - a potion of degeneration {unknown}
 w - a potion of brilliance {unknown}


   Skills:
 + Level 7.0 Fighting
 * Level 6.3 Maces & Flails
 + Level 4.8 Dodging


You had 7 spell levels left.
You didn't know any spells.
Your spell library was empty.

Dungeon Overview and Level Annotations

Branches:
Dungeon (5/15)
 Temple: D:4-7

Altars:

Annotations:
D:5 Sigmund


Innate Abilities, Weirdness & Mutations

You are too large for most types of armour.
You have tough skin. (AC +1)


Message History

You are more poisoned.
The hound closely misses you.
You closely miss something.
You feel extremely sick. The hound closely misses you. Something hits you.
You miss something.
You feel very sick. The hound bites you but does no damage.
You closely miss something.
You feel very sick. The hound closely misses you. Something hits you.
You are more poisoned.
You closely miss something.
Your skin stops crawling.
You feel less strong-willed.
You feel very sick.
The hound bites you but does no damage. x2
You impale something!!
Your weapon exudes an aura of protection.
You feel very sick. The hound bites you.
* * * LOW HITPOINT WARNING * * *
Something hits you!
* * * LOW HITPOINT WARNING * * *
You closely miss something.
* * * LOW HITPOINT WARNING * * *
You feel very sick. The hound misses you.
You miss something.
* * * LOW HITPOINT WARNING * * *
You feel very sick. The hound closely misses you.
Something hits you but does no damage.
You miss something.
You are no longer berserk.
You are exhausted.
You feel yourself slow down.
* * * LOW HITPOINT WARNING * * *
You feel very sick. The hound barely misses you. The hound bites you.
* * * LOW HITPOINT WARNING * * *
You die...

#### # ##..####
#. #......# #..
#......# #...
#<.รทรท..#
#.... #@.....#
#.....#'######
#.....{h...#
#..........#
+..........'...
#....../...####
#####........
#.........
#..........


You could see a hound.

Vanquished Creatures
  A sky beast (D:5)
  A necrophage (D:4)
  2 phantoms
  A scorpion (D:3)
  A jelly (D:5)
  2 hounds
  Terence (D:3)
  5 orc wizards (D:4)
  Ijyb (D:4)
  4 gnolls
  7 adders
  2 ufetubi
  4 worms
  A dart slug (D:1)
  10 orcs
  6 bats
  5 endoplasms
  4 goblins
  5 hobgoblins
  10 jackals
  5 kobolds
  6 quokkas
  6 ball pythons
  2 frilled lizards (D:3)
  8 rats
100 creatures vanquished.

Notes
Turn   | Place    | Note
-------+----------+-------------------------------------------
     0 | D:1      | bobregger the Ogre Berserker began the quest for the Orb.
     0 | D:1      | Reached XP level 1. HP: 24/24 MP: 1/1
    82 | D:1      | Found a faded altar of an unknown god.
   242 | D:1      | Reached XP level 2. HP: 18/32 MP: 2/2
   782 | D:1      | Reached XP level 3. HP: 32/40 MP: 3/3
  1453 | D:2      | Reached ** piety under Trog
  1476 | D:2      | Reached XP level 4. HP: 23/49 MP: 4/4
  2551 | D:3      | Noticed Terence
  2571 | D:3      | Killed Terence
  2572 | D:3      | Reached skill level 5 in Fighting
  2572 | D:3      | Reached XP level 5. HP: 21/57 MP: 5/5
  3819 | D:3      | Reached XP level 6. HP: 39/66 MP: 6/6
  5026 | D:4      | Noticed Ijyb
  5033 | D:4      | Killed Ijyb
  5299 | D:4      | Reached skill level 5 in Maces & Flails
  5921 | D:4      | Noticed a necrophage
  5932 | D:4      | Killed a necrophage
  5933 | D:4      | Reached skill level 6 in Fighting
  5933 | D:4      | Reached XP level 7. HP: 75/75 MP: 7/7
  6741 | D:5      | Entered Level 5 of the Dungeon
  6790 | D:5      | Reached XP level 8. HP: 43/84 MP: 8/8
  6792 | D:5      | Reached skill level 7 in Fighting
  6901 | D:5      | Noticed Sigmund
  7160 | D:5      | HP: 4/87 [hound (2)]
  7161 | D:5      | Succumbed to Sigmund's poison

Illustrated notes

Levels and vault maps discovered:
D:1:      minmay_arrival_semitransparent, layout_loops_ring,
          shapermc_ecumenical_altar_rom_forum, minmay_tetromino_s2
D:2:      layout_loops_ring, lemuel_old_faithful
D:3:      layout_basic, chequers_serial_rivers_marsh, uniq_terence
D:4:      layout_loops_ring, kennysheep_small_spiral, uniq_ijyb
D:5:      layout_gridville, kennysheep_mini, vehumet_altar_wand_db, uniq_sigmund

Skill      XL: |  1  2  3  4  5  6  7  8 |
---------------+-------------------------+-----
Maces & Flails | 3 4 5 6 |  6.3
Dodging        | 3 4 |  4.8
Fighting       | 5 6 7 |  7.0

Action                   |  1- 3 |  4- 6 |  7- 9 || total
-------------------------+-------+-------+-------++-------
Melee: Mace              |   105 |    67 |       ||   172
       Punch             |     1 |     3 |     1 ||     5
       Flail             |       |    84 |       ||    84
       Club              |       |    43 |    31 ||    74
       Morningstar       |       |       |    43 ||    43
Invok: Berserk           |       |     4 |     3 ||     7
       Trog's Hand       |       |     2 |     1 ||     3
Evoke: Wand              |       |     2 |       ||     2
 Stab: Sleeping          |       |     1 |       ||     1
Armor: Animal skin       |    49 |    64 |    34 ||   147
Dodge: Dodged            |    76 |   114 |    40 ||   230
